 Dungeon Crawl Stone Soup version 0.31-a0-1547-g618ab1f346 (webtiles) character file.

Game seed: 3141615407157389156

91 Flugslaktarn the Apothecary (level 4, -4/27 HPs)
             Began as an Octopode Alchemist on Jan 3, 2024.
             Slain by a water moccasin (9 damage)
             ... on level 4 of the Dungeon.
             The game lasted 00:01:55 (806 turns).

Flugslaktarn the Apothecary (Octopode Alchemist)     Turns: 806, Time: 00:01:55

Health: -4/27      AC:  1    Str:  7    XL:     4   Next: 57%
Magic:  8/8        EV: 13    Int: 19    God:
Gold:   135        SH:  0    Dex: 12    Spells: 0/9 levels left

rFire   . . .        i - +2 whip (venom)
rCold   . . .        (no shield)
rNeg    . . .        (helmet restricted)
rPois   .            (no amulet)
rElec   .            (no ring)
rCorr   .            (no ring)
SInv    .            (no ring)
Will    .....        (no ring)
Stlth   +++          (no ring)
HPRegen 0.24/turn    (no ring)
MPRegen 0.11/turn    (no ring)
                     (no ring)

%: no passive effects
@: brilliant, very slightly contaminated
A: almost no armour, amphibious, 8 rings, camouflage 1, gelatinous body 1,
(nimble swimmer 1), tentacles
a: no special abilities


You were on level 4 of the Dungeon.
You visited 1 branch of the dungeon, and saw 4 of its levels.

You collected 135 gold pieces.

Inventory:

Hand Weapons
 f - a +0 short sword
   (You took it off a kobold on level 1 of the Dungeon)
 i - a +2 whip of venom (weapon)
   (You found it on level 2 of the Dungeon)
 j - a +0 rapier
   (You found it on level 2 of the Dungeon)
Missiles
 l - a throwing net
Scrolls
 c - a scroll of teleportation {unknown}
 d - a scroll of poison {unknown}
 k - 2 scrolls of silence
Potions
 h - a potion of haste
 m - a potion of ambrosia {unknown}
 n - a potion of degeneration {unknown}
 o - a potion of curing {unknown}


   Skills:
 - Level 2.0 Dodging
 - Level 2.6 Stealth
 + Level 3.0 Spellcasting
 - Level 1.0 Conjurations
 * Level 5.0 Alchemy


You couldn't memorise any spells.
You knew the following spells:

 Your Spells              Type           Power      Damage    Failure   Level
a - Sting                 Conj/Alch      84%        1d8       4%          1
b - Olgreb's Toxic Radia  Alch           33%        N/A       19%         4
c - Sticky Flame          Fire/Alch      18%        2d6       47%         4

Your spell library contained the following spells:

 Spells                   Type           Power      Damage    Failure   Level
 Mercury Vapours          Alch/Air       36%        N/A       9%          2
 Mephitic Cloud           Conj/Alch/Air  15%        N/A       21%         3


Dungeon Overview and Level Annotations

Branches:
Dungeon (4/15)
 Temple: D:4-7

Altars:


Innate Abilities, Weirdness & Mutations

You cannot wear most types of armour.
You are amphibious.
You can wear up to eight rings at the same time.
Your skin changes colour to match your surroundings (Stealth+).
Your rubbery body absorbs attacks. (AC +1, EV +1)
((You are camouflaged when in or above water. (Stealth+)))
You have tentacles for arms and can constrict up to eight enemies at once.


Message History

The sting hits the scorpion.
The scorpion looks even sicker.
The scorpion is severely wounded.
Casting: Sting (safe; 5% risk of failure)
Confirm with . or Enter, or press ? or * to list all spells.
Aiming: Sting (safe; 5% risk of failure)
Press: ? - help, Shift-Dir - straight line, f/p - scorpion
Aim: a scorpion (severely wounded, very poisoned, 71% to hit)
The sting hits the scorpion but does no damage.
The scorpion looks even sicker.
The scorpion is severely wounded.
You kill the scorpion!
Your Spellcasting skill increases to level 3!
Your Alchemy skill increases to level 5!
You have reached level 4!
e - 2 scrolls labelled WIMOUH MARAF (gained 1)
You enter the shallow water.
You enter the shallow water.
You open the door.
A water moccasin comes into view.
There is an open door here.
Unknown command.
Okay, then.
Okay, then.
There is an open door here.
You enter the shallow water.
As you read the scroll labelled FUZUFI ZI UNOTS, it crumbles to dust.
A profound silence engulfs you.
It was a scroll of silence.
Unknown command.
You start resting.
Magic restored.
Unknown command.
Magic scrolls do not work when you're silenced!
Unknown command.
You start waiting.
Your hearing returns.
Unknown command.
As you read the scroll labelled WIMOUH MARAF, it crumbles to dust.
You hear the flapping of tiny wings.
It was a scroll of butterflies.
Unknown command.
As you read the scroll labelled JEZ MOOX DAGADD, it crumbles to dust.
It is a scroll of identify.
b - a potion of brilliance;
r - a scroll of identify
As you read the scroll of identify, it crumbles to dust.
k - a potion of haste;
h - a potion of haste;
k - 2 scrolls of silence
Okay, then.
You aren't carrying any items that you can evoke.
Unknown command.
Okay, then.
This spell is extremely dangerous to cast!
You start memorising the spell.
You continue memorising. x4
You finish memorising.
Spell assigned to 'b'.
This spell is astonishingly dangerous to cast!
You start memorising the spell.
You continue memorising. x4
You finish memorising.
Spell assigned to 'c'.
Okay, then.
Okay, then.
You aren't carrying any pieces of jewellery.
There is an open door here.
You aren't carrying any items that you can evoke.
Unknown command.
Casting: Sting (safe; 4% risk of failure)
Confirm with . or Enter, or press ? or * to list all spells.
You can't see any susceptible monsters within range! (Use Z to cast anyway.)
Casting: Sting (safe; 4% risk of failure)
Confirm with . or Enter, or press ? or * to list all spells.
You can't see any susceptible monsters within range! (Use Z to cast anyway.)
Casting: Sting (safe; 4% risk of failure)
Confirm with . or Enter, or press ? or * to list all spells.
Aiming: Sting (safe; 4% risk of failure)
Press: ? - help, Shift-Dir - straight line, f - water moccasin
Aim: a water moccasin (asleep, 100% to hit)
The sting hits the water moccasin.
The water moccasin partially resists.
The water moccasin is lightly wounded.
Casting: Sting (safe; 4% risk of failure)
Confirm with . or Enter, or press ? or * to list all spells.
Aiming: Sticky Flame (astonishingly dangerous; 47% risk of failure)
Press: ? - help, Shift-Dir - straight line, f/p - water moccasin
Aim: a water moccasin (lightly wounded)
You miscast Sticky Flame.
You are very lightly contaminated with residual magic.
You are caught in a fiery explosion!
Ouch! That really hurt!
The water moccasin bites you!
* * * LOW HITPOINT WARNING * * *
Casting: Sticky Flame (astonishingly dangerous; 47% risk of failure)
Confirm with . or Enter, or press ? or * to list all spells.
You don't have enough magic to cast this spell.
Unknown command.
Okay, then.
Okay, then.
As you read the scroll of butterflies, it crumbles to dust.
You hear the flapping of tiny wings.
The water moccasin is knocked back by the sudden gust.
The water moccasin closely misses your butterfly.
Unknown command.
Magic courses through your body.
The water moccasin closely misses your butterfly.
You feel clever all of a sudden. The water moccasin bites you!
You die...

##### ####
#~~~###~~~#
#~#~~#~~#
#~##bb~#
#b~##b##
#.bb#b#
####.~##b##
#..bbb#bb@#
#.~~~~##S##
#.~#~~#bb.#
#.~##~##b##
#.~~###...
#.#~~# #.#
##...~# .#.
######..##~#
# .
........~~~#
#


You could see a water moccasin (ally target).

Vanquished Creatures
  A scorpion (D:4)
  An adder (D:2)
  A ribbon worm (D:3)
  A bat (D:1)
  3 endoplasms
  A giant cockroach (D:2)
  3 goblins
  A hobgoblin (D:2)
  A quokka (D:2)
  A ball python (D:1)
  3 frilled lizards
  2 kobolds
  2 rats (D:2)
21 creatures vanquished.

Notes
Turn   | Place    | Note
-------+----------+-------------------------------------------
     0 | D:1      | Flugslaktarn the Octopode Alchemist began the quest for the
                  | Orb.
     0 | D:1      | Reached XP level 1. HP: 11/11 MP: 3/3
   281 | D:2      | Reached XP level 2. HP: 17/17 MP: 1/5
   439 | D:2      | Reached skill level 4 in Alchemy
   556 | D:3      | Reached XP level 3. HP: 21/21 MP: 4/6
   716 | D:4      | Noticed a scorpion
   722 | D:4      | Killed a scorpion
   723 | D:4      | Reached skill level 5 in Alchemy
   723 | D:4      | Reached XP level 4. HP: 27/27 MP: 3/8
   742 | D:4      | Noticed a water moccasin
   788 | D:4      | Learned a level 4 spell: Olgreb's Toxic Radiance
   793 | D:4      | Learned a level 4 spell: Sticky Flame
   806 | D:4      | Slain by a water moccasin

Illustrated notes

Levels and vault maps discovered:
D:1:      minmay_arrival_four_houses, layout_basic, serial_aquarium,
          aquarium_bridge_square [aquarium_subvault_bridge,
          aquarium_subvault_wall, aquarium_subvault_window,
          aquarium_subvault_wall], aquarium_bridge_square
          [aquarium_subvault_wall, aquarium_subvault_window,
          aquarium_subvault_bridge, aquarium_subvault_bridge],
          aquarium_window_2, aquarium_window_corridor_2, aquarium_window_fake,
          aquarium_view_2b, aquarium_pool_1
D:2:      minmay_alternating_diamond, layout_basic, amethyst_killhole,
          uniq_terence
D:3:      layout_loops_corners, uniq_crazy_yiuf_cottage
D:4:      layout_rooms, minmay_temple_entry_poolview, minmay_manual_mullet

Skill      XL: |  1  2  3 |
---------------+----------+-----
Alchemy        | 4 5 |  5.0
Spellcasting   | 3 |  3.0
Dodging        | |  2.0
Stealth        | |  2.6
Conjurations   | |  1.0

Action                     |  1- 3 |  4- 6 || total
---------------------------+-------+-------++-------
  Melee: Unarmed           |     4 |       ||     4
         Tentacles         |     5 |       ||     5
         Constrict         |     4 |       ||     4
         Whip              |    10 |       ||    10
   Cast: Sting             |    24 |     1 ||    25
    Use: Scroll            |       |     5 ||     5
         Potion            |       |     2 ||     2
 Armour: Skin              |     4 |     2 ||     6
  Dodge: Dodged            |    11 |       ||    11

Table legend: (Time is in decaauts)
 A = Elapsed time spent in this place.
 B = Non-inter-level travel time spent in this place.
 C = Inter-level travel time spent in this place.
 D = Time resting spent in this place.
 E = Time spent auto-exploring this place.
 F = Levels seen in this place.
 G = Mean time per level.
                   A        B        C        D        E       F      G
               +--------+--------+--------+--------+--------+-----+--------+
         Total |    805 |    756 |     49 |     29 |    484 |   4 |  201.2 |
       Dungeon |    805 |    756 |     49 |     29 |    484 |   4 |  201.2 |
               +--------+--------+--------+--------+--------+-----+--------+

Top non-repeatable levels by time:
     D:1: 270 daAuts
     D:3: 197 daAuts
     D:2: 180 daAuts
     D:4: 157 daAuts
